 Dungeon Crawl Stone Soup version 0.19-a0-1057-g15bb84d (webtiles) character file.

408 junb69 the Cudgeler (level 6, -5/48 HPs)
             Began as a Demonspawn Gladiator on Aug 2, 2016.
             Slain by an ogre
             ... wielding a +0 giant club
              (9 damage)
             ... on level 3 of the Dungeon.
             The game lasted 00:09:02 (3700 turns).

junb69 the Cudgeler (Demonspawn Gladiator)          Turns: 3700, Time: 00:09:03

Health: -5/48      AC:  9    Str: 15 (18) XL:     6   Next: 57%
Magic:  0/6        EV:  5    Int:  6 (9)  God:
Gold:   125        SH:  3    Dex: 12 (13) Spells: 0 memorised, 5 levels left

rFire  . . .     SeeInvis .     a - +1 flail
rCold  . . .     Gourm    .     e - +0 ring mail
rNeg   . . .     Faith    .     k - +0 buckler
rPois  .         Spirit   +     (helmet restricted)
rElec  .         Dismiss  .     (no cloak)
rCorr  .         Reflect  .     (no gloves)
SustAt .         Harm     .     (no boots)
MR     .....                    p - amulet of inaccuracy (curse)
Stlth  +.........               (no ring)
                                (no ring)

@: not resistant to hostile enchantments, very unstealthy
A: fangs 1, horns 2, iridescent scales 2, high mp 1, robust 1, magic shield
a: no special abilities


You were on level 3 of the Dungeon.
You were hungry.

You visited 1 branch of the dungeon, and saw 4 of its levels.

You collected 125 gold pieces.

Inventory:

Hand Weapons
 a - a +1 flail (weapon)
Missiles
 g - 6 javelins (quivered)
Armour
 e - a +0 ring mail (worn)
 k - a +0 buckler (worn)
Jewellery
 p - a cursed amulet of inaccuracy (around neck)
Scrolls
 j - a scroll of amnesia
Potions
 b - 2 potions of brilliance
 c - a potion of degeneration
 h - 2 potions of mutation
 m - a potion of flight {unknown}
 n - a potion of berserk rage {unknown}
 t - a potion of curing {unknown}
 u - a potion of invisibility {unknown}
Comestibles
 f - 3 bread rations
 i - a royal jelly
 l - a slice of pizza
 o - 3 fruits
 q - a beef jerky
 s - a meat ration


   Skills:
 - Level 2.0 Fighting
 * Level 6.8 Maces & Flails
 - Level 1.7 Throwing
 - Level 2.6 Dodging


You had 5 spell levels left.
You didn't know any spells.

Dungeon Overview and Level Annotations

Branches:
Dungeon (4/15)
 Temple: D:4-7

Altars:
Fedhas
Kikubaaqudgha
Makhleb
Okawaru
Uskayaw
Vehumet
Xom
Zin

Annotations:
D:4 Dowan, Eustachio


Innate Abilities, Weirdness & Mutations

You have a pair of horns on your head.
You are mostly covered in iridescent scales. (AC +4)
When hurt, damage is shared between your health and your magic reserves.
You have very sharp teeth.
You have an increased reservoir of magic. (+10% MP)
You are robust. (+10% HP)


Message History

Press: ? - help, Shift-Dir - straight line, f - ogre
Aim: an ogre, wielding a giant club (hasn't noticed you)
You throw a javelin. The ogre shouts!
The javelin hits the ogre!
The ogre is moderately wounded.
Items here: ( ))) [ a chain mail; a club; 19 poisoned needles; a short sword; a blowgun It was a potion of mutation.
You feel extremely strange.
You feel robust.
You feel more energetic.
Your teeth lengthen and sharpen.
The ogre hits you with a giant club!
* * * LOW HITPOINT WARNING * * *
It was a potion of degeneration.
There was something very wrong with that liquid.
You feel weakened.
You feel dopey.
You feel clumsy. The ogre hits you with a giant club!
* * * LOW HITPOINT WARNING * * *
There is a stone staircase leading up here.
The ogre hits you with a giant club!
You die...

#.###.##.#.#
##...###.#.# #####
#.#.# #.#.# #.#.#
#.#.# ####
#.#.###...
###########.#.......
#..@#.......#####.##
#...O........# #.##
#...#.######.# #...
##.##.# #.####.##
#.##.# #......#
##.##.###########.#
#.................#
#..##..############
#########..###.#


You could see an ogre.

Vanquished Creatures
  Duvessa (D:4)
  A crimson imp (D:3)
  Ijyb (D:2)
  Terence (D:2)
  2 worker ants (D:4)
  4 adders
  An ooze (D:4)
  2 worms (D:2)
  2 dart slugs
  A giant gecko (D:2)
  2 orcs (D:3)
  5 bats (D:2)
  8 giant cockroaches
  12 goblins
  12 hobgoblins
  19 jackals
  6 kobolds
  A quokka (D:2)
  A ball python (D:3)
  3 giant newts
  A quokka skeleton (D:4)
  43 rats
129 creatures vanquished.

Notes
Turn   | Place    | Note
-------+----------+-------------------------------------------
     0 | D:1      | junb69 the Demonspawn Gladiator began the quest for the Orb.
     0 | D:1      | Reached XP level 1. HP: 16/16 MP: 1/1
   124 | D:1      | Reached skill level 3 in Maces & Flails
   135 | D:1      | Gained mutation: You are partially covered in iridescent scales. (AC +2) [demonic ancestry]
   135 | D:1      | Reached XP level 2. HP: 12/22 MP: 2/2
   885 | D:1      | Gained mutation: When hurt, damage is shared between your health and your magic reserves. [demonic ancestry]
   885 | D:1      | Reached XP level 3. HP: 27/27 MP: 3/3
  1257 | D:2      | Reached skill level 4 in Maces & Flails
  1384 | D:2      | Noticed Terence
  1425 | D:2      | Killed Terence
  1425 | D:2      | Gained mutation: You are mostly covered in iridescent scales. (AC +4) [demonic ancestry]
  1425 | D:2      | Reached XP level 4. HP: 20/33 MP: 2/4
  1639 | D:2      | Noticed Ijyb
  1672 | D:2      | Killed Ijyb
  1672 | D:2      | Reached skill level 5 in Maces & Flails
  1682 | D:2      | Found a blossoming altar of Fedhas.
  1695 | D:2      | Found an ancient bone altar of Kikubaaqudgha.
  1727 | D:2      | Found a glowing silver altar of Zin.
  1878 | D:2      | Gained mutation: You have a pair of small horns on your head. [demonic ancestry]
  1878 | D:2      | Reached XP level 5. HP: 25/38 MP: 5/5
  2191 | D:2      | Found a shimmering altar of Xom.
  2192 | D:2      | Found an iron altar of Okawaru.
  2603 | D:3      | Found a hide-covered altar of Uskayaw.
  3266 | D:3      | Found a burning altar of Makhleb.
  3267 | D:3      | Found a radiant altar of Vehumet.
  3324 | D:3      | Reached skill level 6 in Maces & Flails
  3481 | D:4      | Noticed Eustachio
  3578 | D:4      | Gained mutation: You have a pair of horns on your head. [demonic ancestry]
  3578 | D:4      | Reached XP level 6. HP: 33/44 MP: 4/6
  3610 | D:4      | Noticed Duvessa
  3633 | D:4      | Killed Duvessa
  3635 | D:4      | Noticed Dowan
  3677 | D:3      | Gained mutation: You are robust. (+10% HP) [potion of mutation]
  3677 | D:3      | Gained mutation: You have an increased reservoir of magic. (+10% MP) [potion of mutation]
  3677 | D:3      | Gained mutation: You have very sharp teeth. [potion of mutation]
  3690 | D:3      | HP: 2/48 [ogre/giant club (12)]
  3700 | D:3      | Slain by an ogre

Vault maps used:
D:1:      dpeg_arrival_boxes_within_box, hangedman_decor_lopped
D:2:      grunt_temple_overflow_growth_and_decay, lemuel_doored_altar,
          gammafunk_temple_overflow_statue, moated_statue,
          minmay_rats_cheesy_pizza, uniq_iyjb, uniq_terence
D:3:      grunt_temple_overflow_lords_of_destruction, old_standard_altar
D:4:      nicolae_overflow_crystal_walls, first_bread, uniq_eustachio,
          uniq_sigmund, uniq_duvessa

Skill      XL: |  1  2  3  4  5 |
---------------+----------------+-----
Maces & Flails | 3 4 5 6 |  6.8
Fighting       | |  2.0
Throwing       | |  1.7
Dodging        | |  2.6

Action                   |  1- 3 |  4- 6 || total
-------------------------+-------+-------++-------
Melee: Flail             |   135 |   355 ||   490
       Headbutt          |       |    30 ||    30
Throw: Throwing net      |     4 |     2 ||     6
       Javelin           |       |     1 ||     1
  Use: Scroll            |       |     6 ||     6
       Potion            |       |     2 ||     2
 Stab: Sleeping          |     1 |       ||     1
       Held in net/web   |       |     1 ||     1
  Eat: Chunk             |     2 |     7 ||     9
Armor: Ring mail         |    68 |   163 ||   231
       Leather armour    |     1 |       ||     1
Dodge: Dodged            |    91 |   212 ||   303
Block: Buckler           |    15 |    70 ||    85
